 Dungeon Sprint DCSS version 0.30-a0-279-g4b46babb21 (webtiles) character file.

Game seed: 6438527719242833862

3 rocky1 the Insei (level 1, -6/13 HPs)
             Began as an Octopode Transmuter on Oct 16, 2022.
             Mangled by a human (9 damage)
             ... in the Dungeon (Sprint III: "The Ten Rune Challenge").
             The game lasted 00:00:21 (59 turns).

rocky1 the Insei (Octopode Transmuter)                Turns: 59, Time: 00:00:22

Health: -6/13      AC:  1    Str:  9    XL:     1   Next: 50%
Magic:  2/3        EV: 13    Int: 15    God:
Gold:   6          SH:  0    Dex: 12    Spells: 3/4 levels left

rFire   . . .      SeeInvis .      - Unarmed
rCold   . . .      Faith    .    (no shield)
rNeg    . . .      Spirit   .    (helmet currently unavailable)
rPois   .          Reflect  .    (no amulet)
rElec   .          Harm     .    (no ring)
rCorr   .          Rampage  .    (no ring)
Will    .....      NoTele   +    (no ring)
Stlth   ++........               (no ring)
HPRegen 0.22/turn                (no ring)
MPRegen 0.08/turn                (no ring)
                                 (no ring)
                                 (no ring)

@: appendages (expiring)
A: tentacle spike 3, almost no armour, amphibious, 8 rings, camouflage 1,
gelatinous body 1, (nimble swimmer 1), tentacles
a: End Transformation


You were in the Dungeon.
One of your tentacles had grown a beastly spike.
You visited 1 branch You collected 6 gold pieces.

Inventory:

Scrolls
 g - a scroll of blinking
 h - a scroll of identify {unknown}
Potions
 a - a potion of lignification
 b - a potion of curing
 c - a potion of heal wounds
 d - a potion of haste
 e - 2 potions of magic
 f - a potion of berserk rage


   Skills:
 + Level 1.5 Fighting
 + Level 2.3 Dodging
 + Level 3.2 Unarmed Combat
 + Level 2.2 Spellcasting
 + Level 2.3 Transmutations


You had 3 spell levels left.
You knew the following spells:

 Your Spells              Type           Power      Damage    Failure   Level
a - Beastly Appendage     Tmut           16%        N/A       9%          1

Your spell library contained the following spells:

 Spells                   Type           Power      Damage    Failure   Level
 Wereblood                Tmut           8%         N/A       12%         2
 Spider Form              Tmut/Pois      5%         N/A       36%         3
 Ice Form                 Ice/Tmut       5%         N/A       78%         4


Dungeon Overview and Level Annotations

Branches:
Dungeon (1/1)

Altars:


Innate Abilities, Weirdness & Mutations

One of your tentacles has grown a beastly spike.
You cannot wear most types of armour.
You are amphibious.
You can wear up to eight rings at the same time.
Your skin changes colour to match your surroundings (Stealth+).
Your rubbery body absorbs attacks. (AC +1, EV +1)
((You are camouflaged when in or above water. (Stealth+)))
You have tentacles for arms and can constrict up to eight enemies at once.


Message History

No target in view!
No target in view!
You now have 6 gold pieces.
You start resting.
HP restored.
You open the door.
Your tentacle spike disappears.
There is an open door here.
A human comes into view.
Casting: Beastly Appendage (safe; 9% risk of failure)
Confirm with . or Enter, or press ? or * to list all spells.
One of your tentacles grows a vicious spike.
A phantom comes into view.
The helpless human fails to defend itself.
You tentacle-slap the human. You grab the human.
You pierce the human, but do no damage.
You squeeze the human.
The human is lightly wounded.
You constrict the human, but do no damage.
The human closely misses you.
You tentacle-slap the human.
Your tentacle spike misses the human.
The human is moderately wounded.
You constrict the human, but do no damage.
The human closely misses you.
You tentacle-slap the human.
You pierce the human.
The human is moderately wounded.
You constrict the human, but do no damage.
The human hits you.
You tentacle-slap the human.
The human is heavily wounded.
You constrict the human, but do no damage.
The phantom barely misses you. The human misses you.
You tentacle-slap the human.
You pierce the human.
You squeeze the human, but do no damage.
The human is severely wounded.
Your transformation is almost over.
You constrict the human. The phantom hits you!
Ouch! That really hurt!
* * * LOW HITPOINT WARNING * * *
The human hits you!
Ouch! That really hurt!
You die...

▓<.# ▓..# #.... ♣
▓#'####....♣.
▓.....#....~♣♣ ♣♣ #
▓†....#...~~.♣ .♣.#
▓.....#..~~~~♣♣.♣.+
▓####'#..~≈≈~~~♣..#
▓.....#.~~≈~~W....#
▓.....#.~≈~~~.@...#
▓.....#.~~~....p..#
▓'#####...........#
▓.................#
▓▓▓▓▓▓▓▓▓▓▓▓▓▓▓▓▓▓▓


You could see a human and a phantom.

Vanquished Creatures
  An endoplasm (D)
  3 rats (D)
4 creatures vanquished.

Notes
Turn   | Place    | Note
-------+----------+-------------------------------------------
     0 | D        | rocky1 the Octopode Transmuter began the quest for the Orb.
     0 | D        | Reached XP level 1. HP: 13/13 MP: 3/3
    59 | D        | Mangled by a human

Illustrated notes

Levels and vault maps discovered:
D:        dungeon_sprint_mu [sprint_mu_entry_forest, sprint_mu_temple_rooms,
          sprint_mu_d1_spiders, sprint_mu_d2_genie, sprint_mu_d3_branching,
          sprint_mu_orc_legion, sprint_mu_elf_gauntlet, sprint_mu_hive_nellie,
          sprint_mu_lair_fedhas, sprint_mu_vaults_butterflies,
          sprint_mu_slime_circle, sprint_mu_swamp_cave, sprint_mu_snake_twists,
          sprint_mu_blade_basic, sprint_mu_crypt_chambers,
          sprint_mu_tomb_spiral, sprint_mu_vestibule_basic,
          sprint_mu_gehenna_hellfire, sprint_mu_dis_giant,
          sprint_mu_tartarus_statrot, sprint_mu_cocytus_islands, sprint_mu_zot1]

Action                   || total
-------------------------++-------
Melee: Unarmed           ||    12
       Kick              ||     6
       Constrict         ||     3
       Tentacles         ||     3
 Cast: Beastly Appendage ||     3
 Stab: Sleeping          ||     3
Dodge: Dodged            ||     7

Table legend: (Time is in decaauts)
 A = Elapsed time spent in this place.
 B = Non-inter-level travel time spent in this place.
 C = Inter-level travel time spent in this place.
 D = Time resting spent in this place.
 E = Time spent auto-exploring this place.
 F = Levels seen in this place.
 G = Mean time per level.
                   A        B        C        D        E       F      G
               +--------+--------+--------+--------+--------+-----+--------+
         Total |     58 |     58 |      0 |      7 |      0 |   1 |   58.0 |
       Dungeon |     58 |     58 |      0 |      7 |      0 |   1 |   58.0 |
               +--------+--------+--------+--------+--------+-----+--------+

Top non-repeatable levels by time:
       D: 58 daAuts
